 Dungeon Crawl Stone Soup version 0.23.2-32-g37ab1d4649 (webtiles) character file.

Game seed: 15744100980470134446

34 DildoBatman the Magician (level 3, -2/24 HPs)
             Began as a Formicid Wizard on June 26, 2019.
             Slain by a worm (11 damage)
             ... on level 2 of the Dungeon.
             The game lasted 00:02:37 (1102 turns).

DildoBatman the Magician (Formicid Wizard)          Turns: 1102, Time: 00:02:38

Health: -2/24      AC:  2    Str: 11    XL:     3   Next: 50%
Magic:  2/7        EV: 12    Int: 18    God:
Gold:   33         SH:  0    Dex:  9    Spells: 1/8 levels left

rFire    . . .     SeeInvis +   c - +0 club
rCold    . . .     Gourm    .   (no shield)
rNeg     . . .     Faith    .   a - +0 robe
rPois    .         Spirit   .   (helmet unavailable)
rElec    .         Reflect  .   (no cloak)
rCorr    .         Harm     .   (no gloves)
MR       .....                  (no boots)
Stlth    ++........             (no amulet)
HPRegen  0.08/turn              (no ring)
MPRegen  0.10/turn              (no ring)

@: very slightly contaminated
A: permanent stasis, dig shafts and tunnels, four strong arms, antennae 3
a: Dig, Shaft Self


You were on level 2 of the Dungeon.
You were not hungry.

You visited 1 branch of the dungeon, and saw 2 of its levels.

You collected 33 gold pieces.

Inventory:

Hand Weapons
 c - a +0 club (weapon)
Missiles
 e - 7 tomahawks (quivered)
 g - 25 bolts
 j - 3 stones
Armour
 a - a +0 robe (worn)
Jewellery
 i - an uncursed ring of fire {unknown}
Scrolls
 b - 2 scrolls of identify {unknown}
 f - a scroll of random uselessness {unknown}
 k - a scroll of teleportation {unknown}
Potions
 h - a potion of degeneration {unknown}
Comestibles
 d - 3 chunks of flesh
 v - 2 rations


   Skills:
 - Level 1.7 Dodging
 - Level 2.4 Stealth
 - Level 3.2 Spellcasting
 * Level 2.8 Conjurations
   Level 1.0 Summonings
   Level 0.8 Translocations


You had one spell level left.
You knew the following spells:

 Your Spells              Type           Power        Failure   Level  Hunger
a - Conjure Flame         Conj/Fire      #.......     26%         3    ###....
c - Magic Dart            Conj           ##..         4%          1    None
e - Mephitic Cloud        Conj/Pois/Air  #.......     32%         3    ###....

Your spell library contained the following spells:

 Spells                   Type           Power        Failure   Level  Hunger
 Call Imp                 Summ           #.......     16%         2    ##.....
 Slow                     Hex            #.......     24%         2    ##.....
 Blink                    Tloc           Unusable     N/A         2    N/A

Dungeon Overview and Level Annotations

Branches:
Dungeon (2/15)

Altars:


Innate Abilities, Weirdness & Mutations

You cannot be hasted, slowed, berserked, paralysed or teleported.
You can dig through walls and to a lower floor.
Your four strong arms can wield two-handed weapons with a shield.
You have a pair of large antennae on your head. (SInv)


Message History

You retract your mandibles.
You hit the worm.
The worm is severely wounded.
You hit the worm.
The worm is severely wounded.
You catch the helpless worm completely off-guard!
You hit the worm.
The worm is severely wounded.
You hit the worm but do no damage.
The worm is severely wounded.
You hit the worm but do no damage.
The worm is severely wounded.
The worm bites you.
You hit the worm.
The worm is severely wounded.
You catch the helpless worm completely off-guard!
You hit the worm.
The worm is almost dead.
The worm bites you!
You die...

###
####.######
#w@.......#
#.#######.#
....<...#
#.#
#########
#.# #.# ###
#รท#
##.######.#
#.#.......#
##.########


You could see a worm (confused).

Vanquished Creatures
  3 dart slugs (D:1)
  A leopard gecko (D:1)
  A ball python (D:1)
  6 goblins (D:1)
  4 hobgoblins (D:1)
  2 jackals (D:1)
  2 kobolds (D:1)
  A quokka (D:2)
  A bat (D:1)
  2 frilled lizards (D:1)
  A rat (D:1)
24 creatures vanquished.

Notes
Turn   | Place    | Note
-------+----------+-------------------------------------------
     0 | D:1      | DildoBatman the Formicid Wizard began the quest for the
                  | Orb.
     0 | D:1      | Reached XP level 1. HP: 13/13 MP: 4/4
    12 | D:1      | Reached skill level 1 in Conjurations
   147 | D:1      | Reached XP level 2. HP: 5/19 MP: 0/6
   539 | D:1      | Reached XP level 3. HP: 24/24 MP: 3/7
   544 | D:1      | Learned a level 3 spell: Conjure Flame
   548 | D:1      | Learned a level 3 spell: Mephitic Cloud
  1102 | D:2      | Slain by a worm

Skill      XL: |  1  2 |
---------------+-------+-----
Conjurations   | 1 2 |  2.8
Dodging        | |  1.7
Stealth        | |  2.4
Spellcasting   | |  3.2
Summonings     | |  1.0
Translocations | |  0.8

Action                   || total
-------------------------++-------
Melee: Unarmed           ||    10
       Club              ||    18
 Cast: Magic Dart        ||    52
       Mephitic Cloud    ||     1
 Abil: Dig               ||     2
 Stab: Confused          ||     3
       Sleeping          ||     2
  Eat: Chunk             ||     1
Armor: Robe              ||     5
Dodge: Dodged            ||    15
